 Dungeon Crawl Stone Soup version 0.20-a0-920-gb18bc0f (webtiles) character file.

57092 FastMan the Severer (level 14, -2/132 HPs)
             Began as a Minotaur Berserker on Mar 26, 2017.
             Was a High Priest of Trog.
             Slain by a mana viper (3 damage)
             ... on level 3 of the Snake Pit.
             The game lasted 00:18:53 (16278 turns).

FastMan the Severer (Minotaur Berserker)           Turns: 16278, Time: 00:18:54

Health: -2/132     AC: 23    Str: 32    XL:     14   Next: 44%
Magic:  0/13       EV: 14    Int:  4    God:    Trog [*****.]
Gold:   483        SH:  0    Dex: 14    Spells: 13/13 levels left

rFire    + . .     SeeInvis .   J - +5 executioner's axe of Doom {chop, Str+7}
rCold    . . .     Gourm    .   (shield currently unavailable)
rNeg     . . .     Faith    +   i - +3 chain mail
rPois    +         Spirit   .   t - +0 hat
rElec    .         Reflect  .   h - +0 cloak
rCorr    +         Harm     .   r - +0 pair of gloves
MR       +....                  z - +2 pair of boots {Stlth+}
Stlth    ..........             u - amulet of faith
Regen    0.4/turn               m - ring of poison resistance
MPRegen  0.2/turn               p - ring of resist corrosion

@: exhausted, slowed, very slow
A: retaliatory headbutt, horns 2, rugged brown scales 1, fire resistance 1,
strong 1
a: Berserk, Trog's Hand, Brothers in Arms, Burn Spellbooks, Renounce Religion


You were on level 3 of the Snake Pit.
You worshipped Trog.
Trog was extremely pleased with you.
You were near starving.

You visited 3 branches of the dungeon, and saw 18 of its levels.

You collected 873 gold pieces.
You spent 390 gold pieces at shops.

Inventory:

Hand Weapons
 H - a +0 war axe
 J - the +5 executioner's axe of Doom (weapon) {chop, Str+7}
   (Trog gifted it to you on level 2 of the Snake Pit)

   It inflicts extra damage upon your enemies.
   It affects your strength (+7).
Missiles
 a - 5 needles of confusion
Armour
 h - a +0 cloak (worn)
 i - a +3 chain mail (worn)
 n - a +0 shield
 r - a +0 pair of gloves (worn)
 t - a +0 hat (worn)
 z - a +2 pair of boots of stealth (worn)
Jewellery
 k - an uncursed amulet of regeneration
 l - an uncursed ring of see invisible
 m - a ring of poison resistance (left hand)
 p - a ring of resist corrosion (right hand)
 q - an uncursed amulet of harm {unknown}
 u - an amulet of faith (around neck)
 A - an uncursed amulet of the gourmand {unknown}
Scrolls
 e - 3 scrolls of enchant weapon
 f - a scroll of fog
 g - 4 scrolls of teleportation {@r3}
 o - 4 scrolls of remove curse {@r2}
 s - a scroll of noise {unknown}
 C - 2 scrolls of enchant armour
 E - 2 scrolls of magic mapping
Potions
 d - 6 potions of curing {@q1}
 v - 2 potions of magic {unknown}
 w - a potion of might {unknown}
 x - 2 potions of flight
 B - a potion of ambrosia
 D - a potion of agility {@q5}
 I - a potion of brilliance {@q6}
Comestibles
 b - 6 fruits {@e4}
 c - 8 bread rations {@e1}
 j - 17 royal jellies {@e3}
 F - 2 chunks of flesh


   Skills:
 - Level 13.4 Fighting
 * Level 18.5 Axes
 - Level 12.5 Armour
 - Level 8.1 Dodging
 - Level 12.3 Shields


You had 13 spell levels left.
You didn't know any spells.

Dungeon Overview and Level Annotations

Branches:
Dungeon (10/15)              Lair (5/6) D:9           Swamp (0/4) Lair:3
  Snake (3/4) Lair:3          Orc (0/2) D:10
 Temple: D:4-7        Slime: Lair:5-6

Altars:
Ashenzari
Elyvilon
Makhleb
Okawaru
Qazlal
Ru
Sif Muna
Trog
Uskayaw
Vehumet
Wu Jian
The Shining One

Shops:
D:10 =}

Annotations:
D:10 Erolcha
Snake:1 exclusion: 2 oklob plants
Snake:2 exclusion: Roxanne, Roxanne


Innate Abilities, Weirdness & Mutations

You reflexively headbutt those who attack you in melee.
You have a pair of horns on your head.
You are partially covered in rugged brown scales. (AC +1, +3% HP)
Your flesh is heat resistant. (rF+)
Your muscles are strong. (Str +2)


Message History

As you read the scroll of fear, it crumbles to dust.
You assume a fearsome visage.
The mana viper resists with almost no effort.
The mana viper resists with some effort.
The anaconda looks frightened!
The black mamba looks frightened! x2
The naga ritualist looks frightened!
The mana viper easily resists.
The mana viper looks frightened!
The anaconda loses its grip on you.
The mana viper bites you but does no damage. x2
Cornered, the mana viper turns to fight!
The mana viper misses you. You furiously retaliate!
You headbutt the mana viper!! The mana viper misses you.
Okay, then.
Okay, then.
Okay, then.
Okay, then.
The mana viper bites you!
* * * LOW HITPOINT WARNING * * *
You feel your power leaking away. The mana viper bites you.
You die...

...#..........##
.................##
...S......#........##
..S.#S......#.......##
. ....S...##.#......#.#
.. #.........#.....#.#
...##....N..###......##
..#.........#S.....###
.#......SS..SS@#..##
.............SSS###
.......|)......##
.......)##...###
......##...###
.....##...##
..#..#..S## .#.##...##
... ...


You could see an anaconda (fleeing), a naga ritualist (fleeing), 5 mana vipers
and 3 black mambas.

Vanquished Creatures
  Nikola (Snake:2)
  Jorgrun (Snake:3)
  Donald (Snake:1)
  3 hydras
  2 naga warriors
  6 anacondas
  2 two-headed ogres (D:8)
  4 shock serpents
  Sonja (Lair:3)
  4 naga sharpshooters (Snake:1)
  3 sea snakes
  2 naga ritualists (Snake:1)
  2 mana vipers
  An orc sorcerer (D:10)
  22 black mambas
  6 elephants (Lair:4)
  4 naga magi
  5 spiny frogs
  10 rime drakes
  4 komodo dragons
  A troll (D:10)
  11 hippogriffs
  9 wyverns
  4 hogs (D:7)
  A human (D:7)
  25 yaks
  7 basilisks
  A hungry ghost (D:7)
  3 vampire mosquitoes (Lair:4)
  2 insubstantial wisps (Lair:4)
  15 nagas
  Duvessa (D:7)
  A hell hound (Lair:4)
  An acid dragon (D:9)
  10 water moccasins
  2 porcupines
  An ice beast (D:8)
  A necrophage (D:9)
  3 ogres
  2 phantoms (D:10)
  2 centaurs
  12 crocodiles
  11 bullfrogs
  2 big kobolds
  Dowan (D:7)
  5 scorpions
  8 killer bees
  2 troll zombies (D:10)
  7 electric eels
  3 crimson imps
  3 bullfrog zombies
  2 quasits
  A centaur zombie (D:9)
  3 jellies
  Crazy Yiuf (D:2)
  2 hounds (D:8)
  2 centaur skeletons
  3 orc wizards
  2 iguanas
  6 worker ants
  2 ogre zombies (D:10)
  2 hound skeletons
  Robin (D:4)
  5 adders
  A dart slug (D:2)
  4 leopard geckos
  13 orcs
  A giant cockroach (D:4)
  14 goblins
  2 hobgoblins (D:4)
  6 jackals
  4 quokkas
  4 bats (D:1)
  3 frilled lizards
  2 goblin skeletons (D:10)
  3 goblin zombies (D:10)
  A hobgoblin skeleton (D:10)
  5 hobgoblin zombies (D:10)
  12 kobolds
  3 orc skeletons (D:10)
  10 orc zombies (D:10)
  4 rats
  A plant (Lair:4)
366 creatures vanquished.

Vanquished Creatures (collateral kills)
  A hydra (Lair:4)
1 creature vanquished.

Vanquished Creatures (others)
  2 vampire mosquitoes (Lair:4)
  A kobold (D:8)
  4 fungi (Lair:4)
  4 plants
11 creatures vanquished.

Grand Total: 378 creatures vanquished

Notes
Turn   | Place    | Note
-------+----------+-------------------------------------------
     0 | D:1      | FastMan the Minotaur Berserker began the quest for the Orb.
     0 | D:1      | Reached XP level 1. HP: 19/19 MP: 0/0
   133 | D:1      | Reached XP level 2. HP: 26/27 MP: 1/1
   170 | D:2      | Found a runed door.
   174 | D:2      | Noticed Crazy Yiuf
   178 | D:2      | Killed Crazy Yiuf
   178 | D:2      | Reached skill level 4 in Axes
   178 | D:2      | Reached XP level 3. HP: 33/33 MP: 2/2
   255 | D:2      | Found a shattered altar of Ashenzari.
   403 | D:3      | Reached XP level 4. HP: 27/40 MP: 3/3
   405 | D:3      | Reached ** piety under Trog
   591 | D:3      | HP: 3/61 [poisoned by a worker ant]
   596 | D:3      | HP: 2/41 [poisoned by a worker ant]
   914 | D:3      | Found an ornate altar of the Wu Jian Council.
   927 | D:3      | Noticed a bullfrog
   933 | D:3      | Killed a bullfrog
   933 | D:3      | Reached skill level 5 in Axes
   933 | D:3      | Reached XP level 5. HP: 26/47 MP: 4/4
  1298 | D:3      | Found a hide-covered altar of Uskayaw.
  1488 | D:4      | Noticed Robin
  1501 | D:4      | Killed Robin
  1729 | D:4      | Found a stormy altar of Qazlal.
  1729 | D:4      | Found a glowing golden altar of the Shining One.
  1730 | D:4      | Found a white marble altar of Elyvilon.
  1770 | D:4      | Found a sacrificial altar of Ru.
  1827 | D:5      | Entered Level 5 of the Dungeon
  1974 | D:5      | Noticed a centaur
  1986 | D:5      | Killed a centaur
  1986 | D:5      | Reached skill level 5 in Fighting
  1986 | D:5      | Reached skill level 6 in Axes
  1986 | D:5      | Reached XP level 6. HP: 29/56 MP: 5/5
  3091 | D:6      | Reached skill level 1 in Shields
  3135 | D:6      | Reached XP level 7. HP: 53/61 MP: 6/6
  3159 | D:7      | Found a radiant altar of Vehumet.
  3159 | D:7      | Noticed a hungry ghost
  3191 | D:7      | Killed a hungry ghost
  3191 | D:7      | Reached skill level 7 in Axes
  3337 | D:7      | Reached skill level 5 in Armour
  3465 | D:7      | Noticed Duvessa
  3477 | D:7      | Killed Duvessa
  3485 | D:7      | Noticed Dowan
  3495 | D:7      | Gained mutation: Your flesh is heat resistant. (rF+) [potion of mutation]
  3495 | D:7      | Gained mutation: Your muscles are strong. (Str +2) [potion of mutation]
  3495 | D:7      | Gained mutation: You are partially covered in rugged brown scales. (AC +1, +3% HP) [potion of mutation]
  3514 | D:7      | Killed Dowan
  3714 | D:7      | Noticed a hog
  3714 | D:7      | Noticed a hog
  3714 | D:7      | Noticed a hog
  3714 | D:7      | Noticed a human
  3714 | D:7      | Noticed a hog
  3723 | D:7      | Killed a hog
  3723 | D:7      | Reached skill level 8 in Axes
  3723 | D:7      | Reached XP level 8. HP: 47/72 MP: 7/7
  3728 | D:7      | Reached *** piety under Trog
  3732 | D:7      | Reached skill level 9 in Axes
  4238 | D:7      | Reached XP level 9. HP: 75/81 MP: 8/8
  4380 | D:8      | Reached skill level 5 in Shields
  4491 | D:8      | Reached skill level 10 in Axes
  5076 | D:8      | You fall through a shaft for 2 floors!
  5076 | D:10     | Entered Level 10 of the Dungeon
  5076 | D:10     | Noticed a troll
  5083 | D:10     | Killed a troll
  5092 | D:10     | Found a staircase to the Orcish Mines.
  5092 | D:10     | Noticed an orc sorcerer
  5098 | D:10     | Found Buipykiw's Jewellery Emporium.
  5108 | D:10     | Noticed Erolcha
  5118 | D:10     | Reached skill level 11 in Axes
  5192 | D:10     | Found Zisenodd's Gadget Boutique.
  5222 | D:10     | Noticed a sun demon
  5229 | D:10     | Killed an orc sorcerer
  5229 | D:10     | Reached XP level 10. HP: 88/92 MP: 9/9
  5300 | D:10     | Reached **** piety under Trog
  5413 | D:10     | Bought an uncursed amulet of regeneration for 390 gold pieces
  5473 | D:8      | Noticed a two-headed ogre
  5493 | D:8      | Found an iron altar of Okawaru.
  5495 | D:8      | Found a bloodstained altar of Trog.
  5496 | D:8      | Found a burning altar of Makhleb.
  5528 | D:8      | Killed a two-headed ogre
  5528 | D:8      | Reached skill level 12 in Axes
  5859 | D:8      | Noticed a two-headed ogre
  5872 | D:8      | Killed a two-headed ogre
  6299 | D:9      | Found a deep blue altar of Sif Muna.
  6854 | D:9      | Found a staircase to the Lair.
  7016 | Lair:1   | Entered Level 1 of the Lair of Beasts
  7049 | Lair:1   | Reached skill level 13 in Axes
  7141 | Lair:1   | Reached XP level 11. HP: 100/101 MP: 10/10
  7182 | Lair:2   | Reached ***** piety under Trog
  7413 | Lair:2   | Reached skill level 10 in Fighting
  7557 | Lair:2   | Found a dark tunnel.
  7582 | Lair:2   | Noticed an eight-headed hydra
  7589 | Lair:2   | Received a gift from Trog
  7595 | Lair:2   | Killed a 12-headed hydra
  7784 | Lair:2   | Reached skill level 14 in Axes
  8270 | Lair:3   | Found a staircase to the Swamp.
  8450 | Lair:3   | Reached skill level 10 in Armour
  8462 | Lair:3   | Noticed Sonja
  8482 | Lair:3   | Found a staircase to the Snake Pit.
  8484 | Lair:3   | Killed Sonja
  9168 | Lair:4   | Noticed a seven-headed hydra
  9178 | Lair:4   | Killed a 13-headed hydra
  9585 | Lair:4   | Reached XP level 12. HP: 113/113 MP: 11/11
  9587 | Lair:4   | Reached skill level 10 in Shields
  9593 | Lair:4   | Reached skill level 15 in Axes
  9772 | Lair:4   | Noticed an eight-headed hydra
  9778 | Lair:4   | Noticed an eight-headed hydra
  9868 | Lair:4   | Killed a 17-headed hydra
 10550 | Lair:5   | Received a gift from Trog
 10550 | Lair:5   | Reached skill level 5 in Dodging
 11282 | Lair:4   | Reached skill level 16 in Axes
 11320 | Lair:4   | Reached XP level 13. HP: 121/121 MP: 12/12
 12132 | Snake:1  | Entered Level 1 of the Snake Pit
 12397 | Snake:1  | Noticed Donald
 12416 | Snake:1  | Killed Donald
 13091 | Snake:1  | Received a gift from Trog
 13689 | Snake:1  | Reached skill level 17 in Axes
 14858 | Snake:2  | Noticed Nikola
 14872 | Snake:2  | Killed Nikola
 14872 | Snake:2  | Reached XP level 14. HP: 132/132 MP: 13/13
 15010 | Snake:2  | Received a gift from Trog
 15013 | Snake:2  | Got a faintly glowing executioner's axe {god gift}
 15021 | Snake:1  | Identified the +5 executioner's axe of Doom {chop, Str+7} (Trog gifted it to you on level 2 of the Snake Pit)
 15682 | Snake:2  | Noticed Roxanne
 15734 | Snake:2  | You fall through a shaft!
 15795 | Snake:2  | Reached skill level 18 in Axes
 16242 | Snake:3  | Noticed Jorgrun
 16267 | Snake:3  | Killed Jorgrun
 16278 | Snake:3  | HP: 1/132 [mana viper (12)]
 16278 | Snake:3  | Slain by a mana viper

Vault maps used:
D:1:      lightli_arrival_farm
D:2:      ashenzari_conservatory_becter, uniq_jessica, uniq_crazy_yiuf_cottage
D:3:      overflow_temple_1_default, old_standard_altar, uniq_natasha
D:4:      nicolae_overflow_crystal_walls, nicolae_overflow_quartered_altars,
          minmay_temple_entry_butterflies, first_bread, uniq_robin
D:6:      chequers_ossuary_entry_cave, okawaru_gym_becter, uniq_sigmund
D:7:      vehumet_crystals, grunt_livestock, uniq_duvessa
D:8:      gammafunk_temple_overflow_forgotten, serial_bayou_ford_a
D:9:      kennysheep_mini_moat, erik_lair_dragon
D:10:     zombieorc2_lemuel, serial_shops, shop, nicolae_shop_waterfront,
          nicolae_shop_window_shopping, kennysheep_mini,
          nicolae_shop_statue_plus, uniq_erolcha
Lair:1:   lab_entry_generic
Lair:2:   enter_volcano_2, infiniplex_staircase_pool, grunt_megastairs_4
Lair:3:   swamp_mist_pool, guppyfry_snake_entry_island, uniq_sonja
Lair:4:   special_room, pond
Lair:5:   portal_ice_cave_rime, lemuel_fruit_fields, infiniplex_staircase_pool_2
Snake:1:  dpeg_oklob_gauntlet, serial_bayou_pond_a, abandoned_shop,
          guppyfry_snake_island, uniq_donald
Snake:2:  uniq_nikola, uniq_roxanne
Snake:3:  uniq_jorgrun

Skill      XL: |  1  2  3  4  5  6  7  8  9 10 11 12 13 14 |
---------------+-------------------------------------------+-----
Fighting       | 4 5 6 7 8 9 11 12 13 | 13.4
Axes           | 4 5 6 8 9 11 13 14 16 17 18 | 18.5
Armour         | 3 4 5 6 8 9 10 11 12 | 12.5
Dodging        | 3 5 7 8 |  8.1
Shields        | 1 3 4 6 8 9 11 12 | 12.3

Action                   |  1- 3 |  4- 6 |  7- 9 | 10-12 | 13-15 || total
-------------------------+-------+-------+-------+-------+-------++-------
Melee: Hand axe          |    38 |    73 |   222 |    96 |       ||   429
       Headbutt          |     6 |    16 |    62 |   159 |    83 ||   326
       War axe           |       |       |       |   516 |   294 ||   810
       Executioner's axe |       |       |       |       |    52 ||    52
Invok: Berserk           |     2 |     4 |     9 |    12 |    13 ||    40
       Trog's Hand       |       |     1 |     4 |     5 |     3 ||    13
       Burn Spellbooks   |       |       |       |     2 |     1 ||     3
       Brothers in Arms  |       |       |       |       |     1 ||     1
  Use: Scroll            |     1 |     7 |     4 |     8 |     9 ||    29
       Potion            |       |       |     4 |     2 |     1 ||     7
 Stab: Invisible         |       |       |     1 |       |       ||     1
  Eat: Chunk             |       |    10 |    15 |    24 |    14 ||    63
       Meat ration       |       |     1 |     1 |     2 |     3 ||     7
       Bread ration      |       |       |     1 |       |       ||     1
Armor: Animal skin       |     6 |     5 |       |       |       ||    11
       Plate armour      |       |    17 |    16 |       |       ||    33
       Chain mail        |       |       |    97 |   445 |   178 ||   720
Dodge: Dodged            |    33 |    25 |    54 |   225 |   130 ||   467
Block: Shield            |       |    10 |   110 |   386 |   166 ||   672
